 Dungeon Crawl Stone Soup version 0.27.1-33-g824d729ab1 (webtiles) character file.

Game seed: 15685183313743185946

3076 zeram the Basher (level 9, -3/80 HPs)
             Began as a Troll Fighter on Dec 14, 2021.
             Was an Initiate of Gozag.
             Slain by a hornet (14 damage)
             ... on level 9 of the Dungeon.
             The game lasted 00:15:02 (5975 turns).

zeram the Basher (Troll Fighter)                    Turns: 5975, Time: 00:15:02

Health: -3/80      AC:  7    Str: 32    XL:     9   Next: 58%
Magic:  8/8        EV: 11    Int:  7    God:    Gozag
Gold:   934        SH:  5    Dex:  9    Spells: 8/8 levels left

rFire    . . .     SeeInvis .   n - +0 giant spiked club
rCold    + . .     Faith    .   (shield currently unavailable)
rNeg     + . .     Spirit   .   b - +0 robe
rPois    .         Reflect  +   (helmet restricted)
rElec    .         Harm     .   B - +2 cloak of Xosusuh {rN+ Regen+ rCorr Stlth+}
rCorr    +         Rampage  .   (gloves unavailable)
Will     .....                  (boots unavailable)
Stlth    ++........             q - amulet of reflection
HPRegen  2.23/turn              d - +6 ring of strength
MPRegen  0.11/turn              j - ring of protection from cold

@: lethally poisoned (-3 -> -3), slowed, very slow
A: large, unfitting armour, claws 3, regeneration 1, shaggy fur 1, tough skin 1
a: Renounce Religion, Potion Petition, Call Merchant, Bribe Branch


You were on level 9 of the Dungeon.
You worshipped Gozag.
Gozag was pleased with you.
You visited 1 branch of the dungeon, and saw 9 of its levels.

You collected 1189 gold pieces.
You spent 218 gold pieces at shops.
You paid 37 gold pieces to Gozag.

Inventory:

Hand Weapons
 a - a +0 flail
 f - a +3 whip of holy wrath
 n - a +0 giant spiked club (weapon)
 y - the +3 spear "Jasast" {vorpal, Dex+3}
   (You found it on level 5 of the Dungeon)

   It inflicts extra damage upon your enemies.
   Dex:       It affects your dexterity (+3).
Missiles
 i - 324 stones (quivered)
Armour
 b - a +0 robe (worn)
 c - a +0 kite shield
 h - a scarf of invisibility
 p - a +2 cloak
 B - the +2 cloak of Xosusuh (worn) {rN+ Regen+ rCorr Stlth+}
   (You bought it in a shop on level 6 of the Dungeon)

   rN:        It protects you from negative energy.
   Regen:     It increases your rate of health regeneration.
   rCorr:     It protects you from acid and corrosion.
   Stlth:     It makes you more stealthy.
Jewellery
 d - a +6 ring of strength (left claw)
 j - a ring of protection from cold (right claw)
 k - a ring of ice
 q - an amulet of reflection (around neck)
 t - a ring of protection from fire
Wands
 o - a wand of flame (65)
Scrolls
 g - 2 scrolls of amnesia
 l - 2 scrolls of immolation
 s - 2 scrolls of teleportation
 u - a scroll of summoning
Potions
 e - a potion of heal wounds
 r - a potion of magic
 v - 3 potions of haste {unknown}
 x - a potion of invisibility {unknown}
 z - a potion of lignification {unknown}
 C - a potion of brilliance {unknown}
 D - a potion of resistance {unknown}


   Skills:
 - Level 2.4 Fighting
 + Level 10.5 Maces & Flails
 + Level 6.5 Dodging
 - Level 2.4 Shields
 * Level 0.1 Summonings


You had 8 spell levels left.
You didn't know any spells.
Your spell library contained the following spells:

 Spells                   Type           Power      Damage    Failure   Level
 Static Discharge         Conj/Air       0%         N/A       56%         2
 Lightning Bolt           Conj/Air       0%         1d11      100%        5
 Maxwell's Capacitive Co  Air            0%         ∞         100%        8


Dungeon Overview and Level Annotations

Branches:
Dungeon (9/15)             Temple (0/1) D:4
   Lair: D:8-11         Orc: D:9-12

Altars:
Ashenzari
Gozag
Hepliaklqana
Kikubaaqudgha
Okawaru
Uskayaw
The Shining One

Shops:
D:2 :(((:   D:6 [


Innate Abilities, Weirdness & Mutations

You are too large for most types of armour.
You have claws for hands.
Your natural rate of healing is unusually fast.
You are covered in fur. (AC +1)
You have tough skin. (AC +1)


Message History

You feel as though you will be slow longer.
The hornet barely misses you.
Unknown command.
You barely miss the hornet.
The hornet is lightly wounded.
The hornet stings you!
You are poisoned.
You feel as though you will be slow longer.
The hornet barely misses you.
The hornet stings you but does no damage.
You closely miss the hornet.
The hornet is lightly wounded.
You feel very sick. The hornet closely misses you.
The hornet barely misses you. The hornet closely misses you.
Unknown command.
You impale the hornet!!
The hornet is severely wounded.
You feel sick. The hornet stings you.
You feel as though you will be slow longer.
The hornet stings you!
* * * LOW HITPOINT WARNING * * *
You feel as though you will be slow longer.
The hornet stings you.
* * * LOW HITPOINT WARNING * * *
You are more poisoned.
You feel as though you will be slow longer.
You closely miss the hornet.
The hornet is severely wounded.
You feel very sick. The hornet closely misses you.
The hornet stings you but does no damage.
You block the hornet's attack.
Unknown command.
You closely miss the hornet.
The hornet is severely wounded.
You feel very sick. The hornet stings you!
You die...
Your body crumbles into a pile of gold.

##.$ $ .... ###.. ..#.#
#.#.######. .<....:....
...........
....######+########.###
...y# #.......y@.....#
###.# #..........!.....
#.# #................
...............$###...
#.######.###....#_#...
#.# #. .....#+#... #.#
#. .###### ### #.#.


You could see a hornet.

Vanquished Creatures
  Grinder (D:5)
  4 yaks (D:7)
  Edmund (D:6)
  A water moccasin (D:7)
  A black bear (D:4)
  A sky beast (D:4)
  A necrophage (D:6)
  5 ogres
  2 kobold brigands (D:7)
  Blork the orc (D:6)
  2 bullfrogs
  2 scorpions (D:5)
  2 killer bees
  2 howler monkeys (D:6)
  A centaur zombie (D:7)
  3 hounds
  A bullfrog zombie (D:6)
  A bullfrog skeleton (D:5)
  3 orc priests
  Crazy Yiuf (D:2)
  A jelly (D:6)
  A gnoll shaman (D:4)
  An iguana (D:6)
  A scorpion zombie (D:5)
  An orc wizard (D:4)
  A killer bee zombie (D:6)
  A howler monkey zombie (D:7)
  13 gnolls
  A howler monkey skeleton (D:5)
  6 adders
  2 ufetubi (D:6)
  3 worms
  5 dart slugs
  12 orcs
  4 ball pythons
  4 bats
  5 endoplasms
  A giant cockroach (D:3)
  7 goblins
  11 hobgoblins
  8 jackals
  16 kobolds
  3 quokkas
  5 frilled lizards
  12 rats
161 creatures vanquished.

Vanquished Creatures (others)
  An orc (D:8)
  A plant (D:4)
2 creatures vanquished.

Grand Total: 163 creatures vanquished

Notes
Turn   | Place    | Note
-------+----------+-------------------------------------------
     0 | D:1      | zeram the Troll Fighter began the quest for the Orb.
     0 | D:1      | Reached XP level 1. HP: 22/22 MP: 0/0
   193 | D:1      | Reached skill level 2 in Maces & Flails
   193 | D:1      | Reached XP level 2. HP: 29/29 MP: 1/1
   575 | D:2      | Found Byletaa's Book Boutique.
   675 | D:2      | Reached XP level 3. HP: 36/36 MP: 2/2
   724 | D:2      | Found Joofafosm's Weapon Emporium.
   751 | D:2      | Found Vutedeed's Antique Weapon Shoppe.
   878 | D:2      | Found a runed translucent door.
   879 | D:2      | Noticed Crazy Yiuf
   975 | D:2      | Found a hazy altar of Hepliaklqana.
  1134 | D:2      | Found Epserphog's Weapon Boutique.
  1295 | D:2      | Found Pykkaobli's Book Shop.
  1656 | D:2      | Killed Crazy Yiuf
  1657 | D:2      | Reached skill level 3 in Maces & Flails
  1657 | D:2      | Reached XP level 4. HP: 24/44 MP: 3/3
  1895 | D:3      | Found an opulent altar of Gozag.
  1914 | D:3      | Became a worshipper of Gozag Ym Sagoz the Greedy
  2154 | D:3      | Reached XP level 5. HP: 47/50 MP: 4/4
  2312 | D:4      | Found a transporter.
  2368 | D:4      | Reached skill level 4 in Maces & Flails
  2453 | D:4      | Reached XP level 6. HP: 46/59 MP: 5/5
  2590 | D:4      | Found a transporter.
  2597 | D:4      | Found a hide-covered altar of Uskayaw.
  2597 | D:4      | Noticed a +0 hand axe
  2597 | D:4      | Noticed a +0 hand axe
  2633 | D:4      | Reached skill level 5 in Maces & Flails
  2743 | D:4      | Found a staircase to the Ecumenical Temple.
  3277 | D:5      | Entered Level 5 of the Dungeon
  3277 | D:5      | Noticed a sky beast
  3297 | D:4      | Killed a sky beast
  3345 | D:4      | Reached XP level 7. HP: 66/66 MP: 6/6
  3449 | D:5      | Noticed Grinder
  3458 | D:5      | Paralysed by Grinder for 3 turns
  3461 | D:5      | Killed Grinder
  3462 | D:5      | Reached skill level 6 in Maces & Flails
  3462 | D:5      | Reached skill level 5 in Dodging
  3732 | D:5      | Identified the +3 spear "Jasast" {vorpal, Dex+3}
  3847 | D:5      | Reached skill level 7 in Maces & Flails
  3847 | D:5      | Reached XP level 8. HP: 71/74 MP: 7/7
  4355 | D:6      | Noticed Edmund
  4358 | D:6      | Reached skill level 8 in Maces & Flails
  4366 | D:6      | Killed Edmund
  4444 | D:6      | Found an iron altar of Okawaru.
  4589 | D:6      | Noticed Blork the orc
  4595 | D:6      | Killed Blork the orc
  4709 | D:6      | Reached skill level 9 in Maces & Flails
  4929 | D:6      | Found an ancient bone altar of Kikubaaqudgha.
  4930 | D:6      | Found a glowing golden altar of the Shining One.
  5007 | D:6      | Found Ocaguin's Antique Armour Emporium.
  5010 | D:6      | Bought a distressingly furry cloak for 218 gold pieces
  5010 | D:6      | Identified the +2 cloak of Xosusuh {rN+ Regen+ rCorr
                  | Stlth+} (You bought it in a shop on level 6 of the Dungeon)
  5126 | D:7      | Reached XP level 9. HP: 73/80 MP: 8/8
  5312 | D:7      | Reached skill level 10 in Maces & Flails
  5943 | D:8      | Noticed a cyclops
  5962 | D:9      | Found a broken altar of Ashenzari.
  5975 | D:9      | Slain by a hornet

Illustrated notes

Levels and vault maps discovered:
D:1:      tarquinn_simple_flora_water_a, layout_basic
D:2:      layout_loops_corners, basic_altar, serial_shops, shop, shop_statue,
          nicolae_diamond_shop, nicolae_square_shop, shop,
          minmay_rat_gold_closets, uniq_crazy_yiuf_cottage
D:3:      corexii_shack_village, layout_rooms, mainiacjoe_overflow_paths
D:4:      gammafunk_wand_slinger, layout_basic, dancing_weapons_uskayaw,
          minmay_temple_entry_drinking_statues
D:5:      layout_cave_pods, minmay_misc_feat_tiny, uniq_grinder
D:6:      layout_loops_cross, kennysheep_okawaru_gauntlet,
          gammafunk_temple_overflow_statue, serial_shops, kennysheep_mini,
          uniq_edmund, uniq_blork_the_orc
D:7:      layout_cave_pools, kennysheep_generic_room_14
D:8:      layout_basic, minivault_1, uniq_erica, uniq_prince_ribbit1
D:9:      layout_basic, ashenzari_conservatory_becter

Skill      XL: |  1  2  3  4  5  6  7  8  9 |
---------------+----------------------------+-----
Maces & Flails | 2 3 4 5 7 9 10 | 10.5
Dodging        | 3 4 5 6 |  6.5
Fighting       | |  2.4
Shields        | |  2.4
Summonings     | |  0.1

Action                   |  1- 3 |  4- 6 |  7- 9 || total
-------------------------+-------+-------+-------++-------
Melee: Flail             |    19 |       |       ||    19
       Whip              |   149 |   208 |    24 ||   381
       Giant spiked club |       |       |   259 ||   259
Throw: Stone             |       |       |    19 ||    19
Evoke: Wand              |       |       |     1 ||     1
  Use: Potion            |     1 |     2 |     6 ||     9
       Scroll            |       |     9 |     6 ||    15
 Stab: Sleeping          |     1 |     1 |     2 ||     4
       Distracted        |       |       |     1 ||     1
Armor: Robe              |    57 |    60 |   123 ||   240
Dodge: Dodged            |    58 |    57 |   183 ||   298
Block: Kite shield       |    80 |   104 |    11 ||   195
       Other             |       |       |    95 ||    95
       Reflection        |       |       |     1 ||     1
